 Dungeon Crawl Stone Soup version 0.32-a0-131-g9dbbe29261 (webtiles) character file.

Game seed: 16656990985276449184

451 CougarLife the Shield-Bearer (level 7, -3/60 HPs)
             Began as a Gnoll Fighter on Feb 8, 2024.
             Killed by divine providence
             ... invoked by an orc priest
              (9 damage)
             ... on level 4 of the Dungeon.
             The game lasted 00:03:33 (3157 turns).

CougarLife the Shield-Bearer (Gnoll Fighter)        Turns: 3157, Time: 00:03:33

Health: -3/60      AC:  9    Str: 17    XL:     7   Next: 4%
Magic:  10/10      EV:  9    Int:  7    God:
Gold:   149        SH: 10    Dex: 12    Spells: 10/10 levels left

rFire   . . .        a - +0 trident
rCold   + . .        h - +0 kite shield
rNeg    . . .        b - +0 scale mail
rPois   .            (no helmet)
rElec   .            (no cloak)
rCorr   +            (no gloves)
SInv    .            j - +0 pair of boots
Will    .....        (no amulet)
Stlth   +            i - ring of resist corrosion
HPRegen 0.30/turn    n - ring of protection from cold
MPRegen 0.12/turn

%: no passive effects
@: no status effects
A: fangs 1, strong nose, distributed training
a: no special abilities


You were on level 4 of the Dungeon.
You visited 1 branch of the dungeon, and saw 4 of its levels.

You collected 149 gold pieces.

Inventory:

Hand Weapons
 a - a +0 trident (weapon)
Missiles
 c - 5 poisoned darts (quivered)
Armour
 b - a +0 scale mail (worn)
 h - a +0 kite shield (worn)
 j - a +0 pair of boots (worn)
Jewellery
 i - a ring of resist corrosion (left hand)
 n - a ring of protection from cold (right hand)
Wands
 m - a wand of charming (13)
Scrolls
 e - a scroll of noise {unknown}
 f - 2 scrolls of identify {unknown}
 g - 2 scrolls of fog {unknown}
 k - a scroll of revelation {unknown}
 l - a scroll of teleportation {unknown}
 o - 2 scrolls of enchant armour {unknown}
Potions
 d - a potion of might


   Skills:
 + Level 7.0 Fighting
 + Level 2.3 Short Blades
 + Level 2.3 Long Blades
 + Level 2.3 Axes
 + Level 2.3 Maces & Flails
 + Level 5.1 Polearms
 + Level 2.3 Staves
 + Level 2.3 Ranged Weapons
 + Level 2.3 Throwing
 + Level 7.0 Armour
 + Level 2.3 Dodging
 + Level 2.3 Stealth
 + Level 7.0 Shields
 + Level 2.3 Unarmed Combat
 + Level 2.3 Spellcasting
 + Level 1.9 Conjurations
 + Level 1.9 Hexes
 + Level 1.9 Summonings
 + Level 1.9 Necromancy
 + Level 1.9 Translocations
 + Level 1.9 Fire Magic
 + Level 1.9 Ice Magic
 + Level 1.9 Air Magic
 + Level 1.9 Earth Magic
 + Level 1.9 Alchemy
 + Level 2.5 Invocations
 + Level 2.3 Evocations
 + Level 2.1 Shapeshifting


You had 10 spell levels left.
You didn't know any spells.
Your spell library contained the following spells:

 Spells                   Type           Power      Damage    Failure   Level
 Ensorcelled Hibernation  Hex/Ice        6%         N/A       87%         2
 Fugue of the Fallen      Necr           3%         N/A       98%         3
 Anguish                  Hex/Necr       1%         N/A       100%        4
 Animate Dead             Necr           3%         N/A       100%        4
 Borgnjor's Vile Clutch   Necr/Erth      1%         N/A       100%        5
 Death Channel            Necr           1%         N/A       100%        6


Dungeon Overview and Level Annotations

Branches:
Dungeon (4/15)
 Temple: D:4-7

Altars:
Dithmenos
Makhleb
Nemelex Xobeh
The Shining One


Innate Abilities, Weirdness & Mutations

You have very sharp teeth.
Your uncanny sense of smell can sniff out nearby items.
Your experience applies equally to all skills.


Message History

You hear some strange, mumbled words.
You are confused.
The orc priest hits you but does no damage.
Something hits you.
You closely miss the orc priest.
The orc priest is moderately wounded.
You hear some strange, mumbled words.
A magic dart appears from out of thin air!
The magic dart hits you but does no damage.
The orc priest barely misses you. Something hits you but does no damage.
You hit the orc priest.
The orc priest is heavily wounded.
You hear some strange, mumbled words.
A puff of flame appears from out of thin air!
The puff of flame hits you.
The orc priest hits you but does no damage.
Something hits you.
* * * LOW HITPOINT WARNING * * *
You completely miss the orc priest.
The orc priest is heavily wounded.
Something hits you.
* * * LOW HITPOINT WARNING * * *
The orc priest invokes the aid of Beogh against you.
You struggle to resist.
Something hits you but does no damage. x2
You barely miss something.
The orc priest hits you but does no damage.
Something hits you.
* * * LOW HITPOINT WARNING * * *
You hear some strange, mumbled words.
A puff of flame appears from out of thin air!
The puff of flame hits you!
* * * LOW HITPOINT WARNING * * *
The orc priest hits you but does no damage.
Something hits you but does no damage.
You feel less confused.
An orc wizard appears from thin air!
Reactivating autopickup.
The orc priest invokes the aid of Beogh against you.
Beogh smites you!
You die...

#.#.# #.... ##.#.####
#...# ###...<...# #...# .
#.........###...### ..
#.................. ...
#.................. ....
#..........[....... ....{
##.........###...###
......##oo@.......###†..##
#....)†g..#.#####....<..#
#.#######.#.# #.##....#
...#.....#...# #.##....#
#..#.$$..#.### #.##....#
#..#.._..+.# #.##....#
#..#...$.#.# #.##.##.#
##.#....$#.. #..... .#
#.#######... #.##.. ##


You could see an orc priest, an orc wizard and a hobgoblin.

Vanquished Creatures
  A black bear (D:4)
  A phantom (D:3)
  An orc priest (D:4)
  Ijyb (D:3)
  Natasha (thrice) (D:3)
  An iguana (D:4)
  6 adders
  2 ribbon worms (D:3)
  4 dart slugs
  3 orcs (D:3)
  8 ball pythons
  5 endoplasms
  4 giant cockroaches
  2 goblins
  7 hobgoblins
  5 kobolds
  4 quokkas
  3 bats
  3 frilled lizards
  9 rats
73 creatures vanquished.

Notes
Turn   | Place    | Note
-------+----------+-------------------------------------------
     0 | D:1      | CougarLife the Gnoll Fighter began the quest for the Orb.
     0 | D:1      | Reached XP level 1. HP: 23/23 MP: 1/1
   119 | D:1      | Reached XP level 2. HP: 29/29 MP: 2/2
   385 | D:1      | Reached XP level 3. HP: 35/35 MP: 3/3
   898 | D:2      | Reached skill level 1 in Invocations
   994 | D:2      | Reached skill level 1 in Short Blades
   994 | D:2      | Reached skill level 1 in Long Blades
   994 | D:2      | Reached skill level 1 in Axes
   994 | D:2      | Reached skill level 1 in Maces & Flails
   994 | D:2      | Reached skill level 1 in Staves
   994 | D:2      | Reached skill level 1 in Ranged Weapons
   994 | D:2      | Reached skill level 1 in Throwing
   994 | D:2      | Reached skill level 1 in Dodging
   994 | D:2      | Reached skill level 1 in Stealth
   994 | D:2      | Reached skill level 1 in Unarmed Combat
   994 | D:2      | Reached skill level 1 in Spellcasting
   994 | D:2      | Reached skill level 1 in Evocations
  1141 | D:2      | Reached skill level 1 in Shapeshifting
  1141 | D:2      | Reached XP level 4. HP: 38/41 MP: 5/5
  1532 | D:3      | Reached skill level 1 in Conjurations
  1532 | D:3      | Reached skill level 1 in Hexes
  1532 | D:3      | Reached skill level 1 in Summonings
  1532 | D:3      | Reached skill level 1 in Necromancy
  1532 | D:3      | Reached skill level 1 in Translocations
  1532 | D:3      | Reached skill level 1 in Fire Magic
  1532 | D:3      | Reached skill level 1 in Ice Magic
  1532 | D:3      | Reached skill level 1 in Air Magic
  1532 | D:3      | Reached skill level 1 in Earth Magic
  1532 | D:3      | Reached skill level 1 in Alchemy
  1697 | D:3      | Found a faded altar of an unknown god.
  1702 | D:3      | Found a sparkling altar of Nemelex Xobeh.
  1787 | D:3      | Noticed Natasha
  1800 | D:3      | Killed Natasha
  1801 | D:3      | Reached XP level 5. HP: 25/47 MP: 5/7
  1993 | D:3      | Found a burning altar of Makhleb.
  2017 | D:3      | Noticed Ijyb
  2054 | D:3      | Killed Ijyb
  2265 | D:3      | Found a shadowy altar of Dithmenos.
  2297 | D:3      | Noticed Natasha
  2312 | D:3      | Killed Natasha
  2719 | D:3      | Noticed Natasha
  2725 | D:3      | Killed Natasha
  2785 | D:4      | Reached XP level 6. HP: 53/53 MP: 8/8
  2908 | D:4      | Noticed a black bear
  2925 | D:4      | Killed a black bear
  2926 | D:4      | Reached skill level 5 in Polearms
  3125 | D:4      | Found a glowing golden altar of the Shining One.
  3136 | D:4      | Reached XP level 7. HP: 60/60 MP: 10/10
  3157 | D:4      | Killed from afar by an orc priest

Illustrated notes

Levels and vault maps discovered:
D:1:      erik_arrival_cave_to_civilisation [erik_arrival_cave_to_hall],
          layout_rooms, hangedman_abyss_or_decor_stabs, st_stairs_9
D:2:      layout_basic
D:3:      layout_loops_ring, nicolae_overflow_ecumenical_swirl,
          mainiacjoe_overflow_catch_the_wave, uniq_ijyb, uniq_natasha
D:4:      layout_loops_cross, amcnicky_altar_gilded, temple_hall, serial_shops,
          nicolae_shop_rolled_up

Skill      XL: |  1  2  3  4  5  6 |
---------------+-------------------+-----
Invocations    | 1 2 |  2.5
Short Blades   | 1 2 |  2.3
Long Blades    | 1 2 |  2.3
Axes           | 1 2 |  2.3
Maces & Flails | 1 2 |  2.3
Staves         | 1 2 |  2.3
Ranged Weapons | 1 2 |  2.3
Throwing       | 1 2 |  2.3
Dodging        | 1 2 |  2.3
Stealth        | 1 2 |  2.3
Unarmed Combat | 1 2 |  2.3
Spellcasting   | 1 2 |  2.3
Evocations     | 1 2 |  2.3
Shapeshifting  | 1 2 |  2.1
Conjurations   | 1 |  1.9
Hexes          | 1 |  1.9
Summonings     | 1 |  1.9
Necromancy     | 1 |  1.9
Translocations | 1 |  1.9
Fire Magic     | 1 |  1.9
Ice Magic      | 1 |  1.9
Air Magic      | 1 |  1.9
Earth Magic    | 1 |  1.9
Alchemy        | 1 |  1.9
Polearms       | 5 |  5.1
Fighting       | 7 |  7.0
Armour         | 7 |  7.0
Shields        | 7 |  7.0

Action                     |  1- 3 |  4- 6 |  7- 9 || total
---------------------------+-------+-------+-------++-------
  Melee: Trident           |   113 |   165 |    14 ||   292
         Bite              |     9 |    15 |       ||    24
    Use: Potion            |       |     1 |       ||     1
 Armour: Scale mail        |    49 |   127 |    45 ||   221
  Dodge: Dodged            |    33 |    48 |     3 ||    84
  Block: Buckler           |     9 |       |       ||     9
         Kite shield       |    24 |    66 |     2 ||    92

Table legend: (Time is in decaauts)
 A = Elapsed time spent in this place.
 B = Non-inter-level travel time spent in this place.
 C = Inter-level travel time spent in this place.
 D = Time resting spent in this place.
 E = Time spent auto-exploring this place.
 F = Levels seen in this place.
 G = Mean time per level.
                   A        B        C        D        E       F      G
               +--------+--------+--------+--------+--------+-----+--------+
         Total |   3210 |   2902 |    308 |    458 |   1771 |   4 |  802.5 |
       Dungeon |   3210 |   2902 |    308 |    458 |   1771 |   4 |  802.5 |
               +--------+--------+--------+--------+--------+-----+--------+

Top non-repeatable levels by time:
     D:3: 1393 daAuts
     D:1: 824 daAuts
     D:2: 722 daAuts
     D:4: 270 daAuts
